Map: Waterfall

Players

MattBarry

  • Race: Terran Terran
  • League: Silver
  • Spawn Location: 1:00

Arathe - Winner!

  • Race: Zerg Zerg
  • League: Gold
  • Spawn Location: 7:00

VOD

Have the link to the VOD?

Description

Time

  • Played on: Jan. 20, 2023, 3:38 a.m.
  • Length: 5:19
Show
View Real Time Build Order
Export as new Build Order

MattBarry Terran 

Build Orders:  

Get SALT Encoding   

  12  0:00  SCV  
  13  0:15  SCV  
  13  0:21  Supply Depot  
  14  0:44  Barracks  
  14  0:53  Barracks  
  14  1:06  Refinery  
  14  1:09  Refinery  
  14  1:36  Barracks  
  14  1:42  Reaper  
  15  1:53  Reaper  
  16  2:15  Reaper  
  17  2:26  Reaper  
  18  2:52  Reaper x2  
  18  2:58  Reaper  
  21  3:24  Reaper x2  
  23  3:49  Supply Depot  
  23  3:58  Reaper  
  23  4:00  Reaper  
  23  4:01  Reaper  
  22  4:30  Reaper  
  22  4:32  Reaper  
  22  4:33  Reaper  
Show
View Real Time Build Order
Export as new Build Order

Arathe Zerg - Winner!

Build Orders: Hatch First 

Get SALT Encoding   

  12  0:03  Drone  
  13  0:13  Overlord  
  13  0:31  Drone  
  14  0:36  Drone  
  14  0:37  Drone  
  16  0:46  Drone  
  17  1:02  Hatchery  
  16  1:04  Extractor  
  16  1:21  Spawning Pool  
  16  1:22  Extractor  
  16  1:23  Drone x3  
  17  1:41  Overlord  
  17  2:10  Queen  
  17  2:15  Queen  
  19  2:17  Zergling x2  
  19  2:18  Zergling x6  
  25  2:27  Metabolic Boost  
  22  2:55  Zergling x4  
  22  2:57  Zergling x4  
  25  3:00  Zergling x4  
  27  3:05  Baneling Nest  
  24  3:27  Zergling x8  
  24  3:32  Queen x2  
  31  3:59  Zergling x14  
  36  4:11  Overlord x2  
  33  4:33  Zergling x4  
  33  4:34  Zergling x6  
  33  4:38  Drone  
  38  4:51  Zergling x2  
  38  4:52  Zergling x4  
Tags
 
Matchup
TvZ
Replay Pack
Multiplayer
Spawn Locations
Cross Positions
Add a new tag
Caveats
  • Supply blocks, unpowered buildings, or Contaminate may cause inaccurate times.
  • Supply counts are checked every 10 seconds.